 Dungeon Crawl Stone Soup version 0.31-a0-700-gf13585253f (webtiles) character file.

Game seed: 13446823887776281695

138 lunkers the Insei (level 5, -1/40 HPs)
             Began as a Meteoran Shapeshifter on Sept 7, 2023.
             Killed from afar by an orc wizard (4 damage)
             ... with a magic dart
             ... on level 4 of the Dungeon.
             The game lasted 00:03:05 (1519 turns).

lunkers the Insei (Meteoran Shapeshifter)           Turns: 1519, Time: 00:03:05

Health: -1/40      AC:  5    Str: 15    XL:     5   Next: 74%
Magic:  6/6        EV: 11    Int: 12    God:
Gold:   149        SH:  5    Dex: 15    Spells: 4/4 levels left

rFire   . .          .
                       - Unarmed
rCold   . . .        (no shield)
rNeg    . . .        i - +0 ring mail
rPois   .            (helmet currently unavailable)
rElec   .            (cloak currently unavailable)
rCorr   .            (gloves currently unavailable)
SInv    .            (boots currently unavailable)
Will    .....        f - amulet of reflection
Stlth   +            (no ring)
HPRegen 0.26/turn    (no ring)
MPRegen 0.10/turn

%: reflection
@: beast-form, glowing
A: beast (slay +2), sense surroundings 1, otherworldly, glowing, explore regen
a: Begin Untransformation


You were on level 4 of the Dungeon.
You were a hulking beast.
You visited 1 branch of the dungeon, and saw 4 of its levels.

You collected 149 gold pieces.

Inventory:

Armour
 a - a +0 animal skin
 b - a +0 cloak
 h - a +0 pair of boots
 i - a +0 ring mail (worn)
 n - a +0 helmet
 p - a +0 kite shield
Jewellery
 f - an amulet of reflection (around neck)
 y - a ring of resist corrosion
Talismans
 c - a beast talisman (active)
 d - a flux talisman
Scrolls
 j - a scroll of immolation {unknown}
 k - 4 scrolls of blinking {unknown}
 m - 6 scrolls of identify {unknown}
 o - a scroll of brand weapon {unknown}
 r - a scroll of revelation {unknown}
 s - a scroll of teleportation {unknown}
 t - a scroll of enchant armour {unknown}
 w - a scroll of enchant weapon {unknown}
 x - a scroll of fear {unknown}
Potions
 e - a potion of degeneration {unknown}
 g - 2 potions of curing {unknown}
 l - 2 potions of cancellation {unknown}
 q - a potion of attraction {unknown}
 u - a potion of magic {unknown}
 v - a potion of heal wounds {unknown}


   Skills:
 - Level 1.1 Fighting
 - Level 2.1 Dodging
 * Level 6.0 Unarmed Combat
 + Level 4.8 Shapeshifting


You had 4 spell levels left.
You didn't know any spells.
Your spell library was empty.

Dungeon Overview and Level Annotations

Branches:
Dungeon (4/15) Zot: 891
 Temple: D:4-7

Altars:


Innate Abilities, Weirdness & Mutations

You are a hulking beast.
Your limbs bulge with bestial killing power. (Slay +2)
You passively map a small area around you.
You are easily found by Zot.
You glow in the dark.
You regain HP and MP as you explore.


Message History

The orc is moderately wounded.
The orc hits you but does no damage. Something hits you but does no damage.
The orc wizard barely misses you. The orc hits you with a +0 club.
* * * LOW HITPOINT WARNING * * *
You barely miss the orc.
The orc is moderately wounded.
The orc wizard barely misses you. The orc hits you but does no damage.
Something hits you.
* * * LOW HITPOINT WARNING * * *
The orc barely misses you.
The orc wizard hits you with a +1 dagger of speed.
* * * LOW HITPOINT WARNING * * *
Unknown command.
You hit the orc.
The orc is almost dead.
The orc hits you but does no damage. Something hits you.
* * * LOW HITPOINT WARNING * * *
You block the orc's attack. The orc wizard closely misses you.
Unknown command.
You punch the orc!
You kill the orc!
You block the orc wizard's attack. The orc hits you but does no damage.
Something hits you.
* * * LOW HITPOINT WARNING * * *
The orc wizard hits you but does no damage.
Unknown command.
You closely miss the orc wizard.
The orc wizard hits you but does no damage.
The orc hits you but does no damage. Something hits you but does no damage.
Unknown command.
Unknown command.
You hit the orc wizard.
The orc wizard is lightly wounded.
The orc wizard hits you with a +1 dagger of speed.
* * * LOW HITPOINT WARNING * * *
The orc barely misses you.
You hear some strange, mumbled words.
A magic dart appears from out of thin air!
The magic dart hits you.
You die...

**, , * ,, ...#
, , , #, ...## *
, #. .....* *,.
###. , .... , *
..#...#*#..# ,
..$....#..####.
..#....){......
*
,......oh)......
* <
...#...o......#
* #...#....... ,
* #..# ####..# *
#.. * *## *... *
#.. * * ### *


You could see an orc wizard and an orc.

Vanquished Creatures
  Crazy Yiuf (D:2)
  An orc wizard (D:4)
  3 adders
  A worm (D:3)
  A dart slug (D:2)
  2 orcs (D:4)
  10 ball pythons
  6 endoplasms
  A giant cockroach (D:2)
  3 goblins
  3 hobgoblins
  A quokka (D:1)
  5 bats
  4 frilled lizards
  5 kobolds
  4 rats
51 creatures vanquished.

Notes
Turn   | Place    | Note
-------+----------+-------------------------------------------
     0 | D:1      | lunkers the Meteoran Shapeshifter began the quest for the
                  | Orb.
     0 | D:1      | Reached XP level 1. HP: 16/16 MP: 2/2
   147 | D:1      | Reached skill level 4 in Unarmed Combat
   147 | D:1      | Reached XP level 2. HP: 20/23 MP: 3/3
   193 | D:1      | Found a faded altar of an unknown god.
   412 | D:1      | Reached XP level 3. HP: 26/28 MP: 4/4
   502 | D:1      | Glimpsed the power of Zot.
   714 | D:2      | Found a runed translucent door.
   715 | D:2      | Noticed Crazy Yiuf
   818 | D:2      | Killed Crazy Yiuf
   819 | D:2      | Reached skill level 5 in Unarmed Combat
   819 | D:2      | Reached XP level 4. HP: 35/35 MP: 2/5
  1054 | D:2      | Reached XP level 5. HP: 35/40 MP: 6/6
  1106 | D:2      | Glimpsed the power of Zot.
  1512 | D:4      | Reached skill level 6 in Unarmed Combat
  1519 | D:4      | Killed from afar by an orc wizard

Illustrated notes

Levels and vault maps discovered:
D:1:      erik_arrival_blinker_ship, layout_basic, basic_ecumenical_altar
D:2:      layout_basic, chequers_serial_rivers_micro_a, uniq_crazy_yiuf_cottage
D:3:      layout_rooms, corner_web_ring
D:4:      layout_cave_pools, minmay_temple_entry_stoned_glass,
          portal_sewer_entry_f

Skill      XL: |  1  2  3  4  5 |
---------------+----------------+-----
Unarmed Combat | 4 5 6 |  6.0
Shapeshifting  | 4 |  4.8
Fighting       | |  1.1
Dodging        | |  2.1

Action                     |  1- 3 |  4- 6 || total
---------------------------+-------+-------++-------
  Melee: Unarmed           |    59 |    66 ||   125
         Punch             |       |     2 ||     2
    Use: Potion            |     1 |       ||     1
 Armour: Animal skin       |    10 |       ||    10
         Ring mail         |    11 |    53 ||    64
         Skin              |     2 |       ||     2
  Dodge: Dodged            |    38 |    28 ||    66
  Block: Other             |       |    16 ||    16
         Reflection        |       |     1 ||     1

Table legend: (Time is in decaauts)
 A = Elapsed time spent in this place.
 B = Non-inter-level travel time spent in this place.
 C = Inter-level travel time spent in this place.
 D = Time resting spent in this place.
 E = Time spent auto-exploring this place.
 F = Levels seen in this place.
 G = Mean time per level.
                   A        B        C        D        E       F      G
               +--------+--------+--------+--------+--------+-----+--------+
         Total |   1507 |   1370 |    137 |     48 |    945 |   4 |  376.8 |
       Dungeon |   1507 |   1370 |    137 |     48 |    945 |   4 |  376.8 |
               +--------+--------+--------+--------+--------+-----+--------+

Top non-repeatable levels by time:
     D:2: 584 daAuts
     D:1: 522 daAuts
     D:3: 385 daAuts
     D:4: 15 daAuts
